 Dungeon Crawl Stone Soup version 0.28.0-53-g5a82cb258f (webtiles) character file.

Game seed: 13503435632512216717

23 fuccboisucc420 the Stinger (level 2, -1/19 HPs)
             Began as a Demonspawn Venom Mage on July 21, 2022.
             Slain by a worm (2 damage)
             ... on level 2 of the Dungeon.
             The game lasted 00:07:15 (1556 turns).

fuccboisucc420 the Stinger (Demonspawn Venom Mage)  Turns: 1556, Time: 00:07:16

Health: -1/19      AC:  2    Str:  8    XL:     2   Next: 75%
Magic:  4/5        EV: 12    Int: 16    God:
Gold:   52         SH:  0    Dex: 13    Spells: 4/5 levels left

rFire   . . .      SeeInvis .   f - +0 dagger (speed)
rCold   . . .      Faith    .   (no shield)
rNeg    . . .      Spirit   .   a - +0 robe
rPois   .          Reflect  .   (no helmet)
rElec   .          Harm     .   (no cloak)
rCorr   .          Rampage  .   (no gloves)
Will    .....                   (no boots)
Stlth   ++........              (no amulet)
HPRegen 0.06/turn               (no ring)
MPRegen 0.09/turn               (no ring)

@: no status effects
A: powered by death 1
a: no special abilities


You were on level 2 of the Dungeon.
You visited 1 branch of the dungeon, and saw 2 of its levels.

You collected 52 gold pieces.

Inventory:

Hand Weapons
 c - a +0 dagger
 e - a +0 short sword
 f - a +0 dagger of speed (weapon)
Missiles
 b - 4 poisoned darts (quivered)
Armour
 a - a +0 robe (worn)


   Skills:
 + Level 1.8 Dodging
 + Level 1.9 Stealth
 + Level 2.4 Spellcasting
 + Level 1.0 Transmutations
 + Level 3.5 Poison Magic


You had 4 spell levels left.
You knew the following spells:

 Your Spells              Type           Power      Damage    Failure   Level
a - Sting                 Tmut/Pois      36%        1d4       8%          1

Your spell library contained the following spells:

 Spells                   Type           Power      Damage    Failure   Level
 Poisonous Vapours        Pois/Air       14%        N/A       14%         2
 Mephitic Cloud           Conj/Pois/Air  5%         N/A       36%         3
 Olgreb's Toxic Radiance  Pois           13%        N/A       41%         4
 Ozocubu's Armour         Ice            1%         N/A       52%         3
 Ozocubu's Refrigeration  Ice            0%         4d5       100%        7


Dungeon Overview and Level Annotations

Branches:
Dungeon (2/15)

Altars:
Xom


Innate Abilities, Weirdness & Mutations

You regenerate a little health from kills.


Message History

You can't see any susceptible monsters within range! (Use Z to cast anyway.) Unknown command.
Casting: Sting (safe; 8% risk of failure)
Confirm with . or Enter, or press ? or * to list all spells.
Aiming: Sting (safe; 8% risk of failure)
Press: ? - help, Shift-Dir - straight line, f/p - worm
Aim: a worm (lightly wounded, 89% to hit)
The sting hits the worm.
The worm is poisoned.
The worm is moderately wounded.
You hit the worm but do no damage.
The worm is moderately wounded.
The worm bites you.
You hit the worm but do no damage.
The worm is moderately wounded.
You hit the worm.
The worm is moderately wounded.
The worm completely misses you.
You hit the worm.
The worm is moderately wounded.
You hit the worm.
The worm is heavily wounded.
The worm looks more healthy.
You barely miss the worm.
The worm is severely wounded.
The worm bites you!
Ouch! That really hurt!
You hit the worm.
The worm is severely wounded.
You completely miss the worm.
The worm is severely wounded.
The worm bites you.
* * * LOW HITPOINT WARNING * * *
You hit the worm.
The worm is severely wounded.
You hit the worm but do no damage.
The worm is severely wounded.
You hit the worm but do no damage.
The worm is severely wounded.
The worm bites you.
You die...

#..####..##...##....### #.#.#.##.
.......†..##...##..## #........
.#.####....##...##..## #.##.....
#<# #.....##.⌠.##..# #........
....# #.#.#..##'####.####........
......#...^............)........#
#...#.#####.##............##..#.#
##.##.# .###...#######.'...._.
#.# # # ##@## #.....#.. #.# #w#
#.#..#... ... #.# #.#...... #.#
##........ ##.#### #.....##.#
#....w## #.........
##......###..##.....
#..._...............
#.......###.##.#####


You could see a worm.

Vanquished Creatures
  3 ball pythons
  3 goblins (D:1)
  4 hobgoblins (D:1)
  4 bats (D:1)
  4 frilled lizards
  5 kobolds
23 creatures vanquished.

Notes
Turn   | Place    | Note
-------+----------+-------------------------------------------
     0 | D:1      | fuccboisucc420 the Demonspawn Venom Mage began the quest
                  | for the Orb.
     0 | D:1      | Reached XP level 1. HP: 13/13 MP: 3/3
   494 | D:1      | Gained mutation: You regenerate a little health from kills.
                  | [demonic ancestry]
   494 | D:1      | Reached XP level 2. HP: 19/19 MP: 3/5
   609 | D:1      | Reached skill level 1 in Transmutations
  1306 | D:2      | Found a faded altar of an unknown god.
  1338 | D:2      | Found a shimmering altar of Xom.
  1556 | D:2      | Slain by a worm

Illustrated notes

Levels and vault maps discovered:
D:1:      scummos_arrival_forest, layout_loops_corners
D:2:      layout_loops_ring, hellmonk_ecumenical_altar_blasted, basic_altar,
          grunt_decor_arrowhead

Skill      XL: |  1  2 |
---------------+-------+-----
Transmutations | 1 |  1.0
Dodging        | |  1.8
Stealth        | |  1.9
Spellcasting   | |  2.4
Poison Magic   | |  3.5

Action                   || total
-------------------------++-------
Melee: Dagger            ||    33
       Unarmed           ||     2
       Short sword       ||    11
       Punch             ||     1
Throw: Dart              ||     1
 Cast: Sting             ||    25
  Use: Potion            ||     3
       Scroll            ||     2
Armor: Robe              ||    12
Dodge: Dodged            ||    26
